 Dungeon Crawl Stone Soup version 0.30-a0-857-gcaf70739d4 (webtiles) character file.

Game seed: 18365980678518775450

991 Demosthentine the Poker (level 7, -3/55 HPs)
             Began as a Demonspawn Gladiator on Mar 5, 2023.
             Slain by an iguana (10 damage)
             ... on level 5 of the Dungeon.
             The game lasted 00:04:32 (4323 turns).

Demosthentine the Poker (Demonspawn Gladiator)      Turns: 4323, Time: 00:04:32

Health: -3/55      AC:  5    Str: 16    XL:     7   Next: 98%
Magic:  7/7        EV: 15    Int:  9    God:
Gold:   221        SH:  0    Dex: 15    Spells: 6/6 levels left

rFire   + . .      SeeInvis .    a - +0 trident
rCold   + . .      Faith    .    (no shield)
rNeg    . . .      Spirit   .    b - +0 leather armour
rPois   .          Reflect  .    (helmet restricted)
rElec   .          Rampage  .    (no cloak)
rCorr   .                        i - +1 pair of gloves
Will    .....                    (no boots)
Stlth   +                        (no amulet)
HPRegen 0.29/turn                k - ring of protection from fire
MPRegen 0.10/turn                n - ring of protection from cold

@: lethally poisoned (-3 -> -7)
A: horns 1, repulsion field 1, demonic magic 1
a: no special abilities


You were on level 5 of the Dungeon.
You visited 1 branch of the dungeon, and saw 5 of its levels.

You collected 221 gold pieces.

Inventory:

Hand Weapons
 a - a +0 trident (weapon)
Missiles
 e - a javelin (quivered)
Armour
 b - a +0 leather armour (worn)
 i - a +1 pair of gloves (worn)
Jewellery
 k - a ring of protection from fire (left hand)
 n - a ring of protection from cold (right hand)
Wands
 j - a wand of flame (22)
Scrolls
 d - a scroll of fog
 f - a scroll of identify
 g - a scroll of amnesia
 h - a scroll of blinking
Potions
 c - a potion of might
 l - a potion of brilliance
 m - a potion of invisibility


   Skills:
 + Level 4.9 Fighting
 + Level 5.0 Polearms
 - Level 1.7 Throwing
 + Level 3.9 Armour
 + Level 5.0 Dodging


You had 6 spell levels left.
You didn't know any spells.
Your spell library contained the following spells:

 Spells                   Type           Power      Damage    Failure   Level
 Sting                    Tmut/Pois      0%         1d3       43%         1
 Summon Small Mammal      Summ           0%         N/A       43%         1
 Poisonous Vapours        Pois/Air       0%         N/A       58%         2
 Call Canine Familiar     Summ           0%         N/A       82%         3
 Summon Guardian Golem    Hex/Summ       0%         N/A       82%         3
 Olgreb's Toxic Radiance  Pois           0%         N/A       99%         4
 Yara's Violent Unravell  Hex/Tmut       0%         3d3       100%        5
 Enfeeble                 Hex            0%         N/A       100%        7


Dungeon Overview and Level Annotations

Branches:
Dungeon (5/15)
 Temple: D:4-7

Altars:
Dithmenos
Nemelex Xobeh
Okawaru
Wu Jian


Innate Abilities, Weirdness & Mutations

You have a pair of small horns on your head.
You are surrounded by a mild repulsion field. (EV +2)
Spells you cast may paralyse adjacent enemies.


Message History

You feel very sick. The scorpion barely misses you.
You hit the scorpion. You headbutt the scorpion.
The scorpion is moderately wounded.
You feel sick. The scorpion stings you.
You hit the scorpion.
You punch the scorpion, but do no damage.
The scorpion is heavily wounded.
You feel sick.
The scorpion stings you but does no damage.
The scorpion stings you.
You are more poisoned.
The scorpion poisons you!
You puncture the scorpion!
You headbutt the scorpion, but do no damage.
The scorpion is severely wounded.
You feel very sick. The scorpion barely misses you.
You hit the scorpion but do no damage. You headbutt the scorpion.
The scorpion is almost dead.
You feel very sick. The scorpion misses you.
You are too injured to fight recklessly!
You hit the scorpion but do no damage. You headbutt the scorpion.
You kill the scorpion!
You feel sick.
Your Polearms skill increases to level 5!
Your Dodging skill increases to level 5!
You barely miss the iguana.
The iguana is moderately wounded.
You feel sick. The iguana bites you!
* * * LOW HITPOINT WARNING * * *
You barely miss the iguana.
You headbutt the iguana, but do no damage.
The iguana is moderately wounded.
You feel sick. The iguana closely misses you.
You barely miss the iguana.
The iguana is moderately wounded.
You feel sick. The iguana bites you!
You die...

#.##..##.....#
.......
#.###.##.....#
....... #.#
#.##.....# #######
###'###........#
.<...####......#
.....####......#
.........#.....#
.........#.....#####
......>..#......@l.#
....)#############.##
.# .....#########
###..#...#
.............#
#........#
##...........#
#........#
#.....).....#
#.........#
#...........#
#.......#.#
#...........#
#.......# .
#...........#
#.......#


You could see an iguana.

Vanquished Creatures
  A water moccasin (D:5)
  2 ogres
  A centaur (D:5)
  2 scorpions
  A howler monkey (D:4)
  A hound (D:4)
  2 jellies (D:4)
  Terence (D:1)
  3 iguanas (D:5)
  2 orc wizards
  13 gnolls
  3 adders
  An ufetubus (D:5)
  A worm (D:2)
  3 dart slugs
  5 orcs
  4 bats
  An endoplasm (D:1)
  3 giant cockroaches
  7 hobgoblins
  3 jackals (D:3)
  8 quokkas
  6 ball pythons
  5 frilled lizards
  5 goblins
  5 kobolds
  3 rats
92 creatures vanquished.

Notes
Turn   | Place    | Note
-------+----------+-------------------------------------------
     0 | D:1      | Demosthentine the Demonspawn Gladiator began the quest for
                  | the Orb.
     0 | D:1      | Reached XP level 1. HP: 16/16 MP: 1/1
   190 | D:1      | Gained mutation: You are surrounded by a mild repulsion
                  | field. (EV +2) [demonic ancestry]
   190 | D:1      | Reached XP level 2. HP: 19/22 MP: 2/2
   337 | D:1      | Found a faded altar of an unknown god.
   735 | D:2      | Noticed Terence
   807 | D:1      | Killed Terence
   808 | D:1      | Reached skill level 1 in Armour
   808 | D:1      | Gained mutation: Spells you cast may paralyse adjacent
                  | enemies. [demonic ancestry]
   808 | D:1      | Reached XP level 3. HP: 7/28 MP: 3/3
   907 | D:2      | Reached XP level 4. HP: 26/34 MP: 4/4
  1203 | D:2      | You fall into a shaft and drop 2 floors!
  1203 | D:4      | Found an iron altar of Okawaru.
  1892 | D:3      | Reached XP level 5. HP: 7/41 MP: 5/5
  2263 | D:3      | Found a shadowy altar of Dithmenos.
  2611 | D:4      | Noticed an ogre
  2630 | D:4      | Killed an ogre
  2631 | D:4      | Gained mutation: You have a pair of small horns on your
                  | head. [demonic ancestry]
  2631 | D:4      | Reached XP level 6. HP: 21/47 MP: 6/6
  2977 | D:4      | Found an ornate altar of the Wu Jian Council.
  3199 | D:4      | Found a sparkling altar of Nemelex Xobeh.
  3410 | D:4      | Identified the +1 falchion of Hacking and Slashing {freeze,
                  | Str+4}
  3519 | D:5      | Entered Level 5 of the Dungeon
  3530 | D:5      | Reached XP level 7. HP: 54/54 MP: 7/7
  4321 | D:5      | Reached skill level 5 in Polearms
  4321 | D:5      | Reached skill level 5 in Dodging
  4323 | D:5      | Slain by an iguana

Illustrated notes

Levels and vault maps discovered:
D:1:      saegor_arrival_fortress, layout_loops_ring, basic_ecumenical_altar
D:2:      minmay_wonky_spiral, layout_loops_ring, uniq_terence
D:3:      layout_rooms, mainiacjoe_overflow_paths, serial_bayou_pond_e
D:4:      layout_basic, nemelex_diamond_rough_becter,
          nicolae_tso_swordbearing_angel, okawaru_metal_pillars_1_2,
          nicolae_wu_jian_wuxing_cycle, kennysheep_opposing_triangles
D:5:      layout_basic, cheibrodos_ashenzari_chains, elyvilon_altar_1,
          st_stairs_13

Skill      XL: |  1  2  3  4  5  6  7 |
---------------+----------------------+-----
Dodging        | 3 4 5 |  5.0
Polearms       | 3 4 5 |  5.0
Armour         | 1 2 3 |  3.9
Fighting       | 3 4 |  4.9
Throwing       | |  1.7

Action                     |  1- 3 |  4- 6 |  7- 9 || total
---------------------------+-------+-------+-------++-------
  Melee: Trident           |   106 |   227 |    91 ||   424
         Punch             |     2 |     1 |     1 ||     4
         Headbutt          |       |    12 |    27 ||    39
  Throw: Throwing net      |     3 |     1 |     1 ||     5
    Use: Scroll            |     4 |     9 |       ||    13
         Potion            |       |     3 |     1 ||     4
   Stab: Held in net/web   |     3 |       |       ||     3
         Sleeping          |     1 |     5 |     1 ||     7
 Armour: Leather armour    |    21 |    35 |    18 ||    74
  Dodge: Dodged            |    69 |   168 |    60 ||   297

Table legend: (Time is in decaauts)
 A = Elapsed time spent in this place.
 B = Non-inter-level travel time spent in this place.
 C = Inter-level travel time spent in this place.
 D = Time resting spent in this place.
 E = Time spent auto-exploring this place.
 F = Levels seen in this place.
 G = Mean time per level.
                   A        B        C        D        E       F      G
               +--------+--------+--------+--------+--------+-----+--------+
         Total |   4374 |   4290 |     84 |    502 |   2942 |   5 |  874.8 |
       Dungeon |   4374 |   4290 |     84 |    502 |   2942 |   5 |  874.8 |
               +--------+--------+--------+--------+--------+-----+--------+

Top non-repeatable levels by time:
     D:4: 1116 daAuts
     D:2: 943 daAuts
     D:1: 879 daAuts
     D:5: 809 daAuts
     D:3: 625 daAuts
